 Dungeon Crawl Stone Soup version 0.22.1-1-ga44c0e5 (webtiles) character file.

50 Folque the Digger (level 3, -1/29 HPs)
             Began as a Draconian Earth Elementalist on Oct 20, 2018.
             Slain by a sky beast (6 damage)
             ... on level 2 of the Dungeon.
             The game lasted 00:03:37 (1110 turns).

Folque the Digger (Draconian Earth Elementalist)    Turns: 1110, Time: 00:03:38

Health: -1/29      AC:  5    Str: 10    XL:     3   Next: 55%
Magic:  5/6        EV: 12    Int: 16    God:
Gold:   54         SH:  0    Dex: 11    Spells: 0/6 levels left

rFire    . . .     SeeInvis .   h - +0 whip
rCold    . . .     Gourm    .   (no shield)
rNeg     . . .     Faith    .   (armour unavailable)
rPois    .         Spirit   .   (helmet restricted)
rElec    .         Reflect  .   (no cloak)
rCorr    .         Harm     .   (no gloves)
MR       .....                  (no boots)
Stlth    +.........             (no amulet)
HPRegen  0.09/turn              (no ring)
MPRegen  0.10/turn              (no ring)

@: confused
A: unfitting armour, cold-blooded, AC +5
a: no special abilities


You were on level 2 of the Dungeon.
You were not hungry.

You visited 1 branch of the dungeon, and saw 2 of its levels.

You collected 54 gold pieces.

Inventory:

Hand Weapons
 d - a cursed -3 dagger
 h - a +0 whip (weapon)
 k - a +2 vampiric dagger
Missiles
 b - 54 stones (quivered)
 o - 2 throwing nets
Scrolls
 g - a scroll of blinking {unknown}
 j - a scroll of teleportation {unknown}
 l - a scroll of remove curse {unknown}
 n - a scroll of noise {unknown}
Potions
 a - 2 potions of agility
 f - a potion of curing {unknown}
 m - a potion of flight
Comestibles
 c - 3 rations
 i - 4 chunks of flesh


   Skills:
 - Level 2.1 Fighting
 - Level 1.7 Dodging
 - Level 1.7 Stealth
 * Level 2.4 Spellcasting
 + Level 0.0 Conjurations
 - Level 1.0 Transmutations
 * Level 3.7 Earth Magic


You couldn't memorise any spells.
You knew the following spells:

 Your Spells              Type           Power        Failure   Level  Hunger
a - Sandblast             Erth           ##....       4%          1    #......
b - Passwall              Tmut/Erth      #.......     12%         2    ###....
c - Stone Arrow           Conj/Erth      #.....       28%         3    ###....

Your spell library contained the following spells:

 Spells                   Type           Power        Failure   Level  Hunger
 Petrify                  Tmut/Erth      #.......     58%         4    #####..
 Lee's Rapid Deconstruct  Erth           ##........   77%         5    ######.


Dungeon Overview and Level Annotations

Branches:
Dungeon (2/15)

Altars:


Innate Abilities, Weirdness & Mutations

Your plain brown scales are hard. (AC +5)
You cannot fit into any form of body armour.
You are cold-blooded and may be slowed by cold attacks.


Message History

Deactivating autopickup; reactivate with Ctrl-A.
Something hits you. Something shocks you.
The goblin shoots a stone.
The stone hits you but does no damage.
Casting: Stone Arrow (safe; 28% risk of failure)
Confirm with . or Enter, or press ? or * to list all spells.
Aiming: Sandblast (safe; 4% risk of failure)
Press: ? - help, Shift-Dir - straight line, f - goblin
Aim: a goblin, wielding a hunting sling The blast of sand hits something.
b - 54 stones Something hits you but does no damage.
The goblin shoots a stone.
The stone closely misses you.
You closely miss something. Something hits you. Something shocks you.
* * * LOW HITPOINT WARNING * * *
The goblin shoots a stone.
The stone barely misses you.
You are confused.
You feel invigorated. Something hits you.
* * * LOW HITPOINT WARNING * * *
Something shocks you.
You die...

###
################
...#[.............#
#.#.############.#
#..............#.#
# #............#
#.# .....#..####..#
#.# ....(....@{g..#
#.# #####...#####.#
#.# #...# .. #รท#
#...# .# #.# #...#
# #.# ....# #.#
##.#.. #.# #.## #.#
#.#


You could see a goblin.

Vanquished Creatures
  2 adders (D:2)
  An adder skeleton (D:2)
  A dart slug (D:1)
  A leopard gecko (D:1)
  A giant cockroach (D:1)
  4 goblins
  2 hobgoblins (D:1)
  A ball python (D:2)
  4 bats (D:1)
  2 frilled lizards (D:1)
  5 kobolds
  4 rats (D:2)
28 creatures vanquished.

Notes
Turn   | Place    | Note
-------+----------+-------------------------------------------
     0 | D:1      | Folque the Draconian Earth Elementalist began the quest for
                  | the Orb.
     0 | D:1      | Reached XP level 1. HP: 14/14 MP: 3/3
   357 | D:1      | Reached skill level 1 in Fighting
   379 | D:1      | Reached XP level 2. HP: 23/23 MP: 5/5
   726 | D:2      | Learned a level 2 spell: Passwall
   764 | D:2      | Found a faded altar of an unknown god.
   769 | D:2      | Reached XP level 3. HP: 17/29 MP: 4/6
  1088 | D:2      | Noticed a sky beast
  1096 | D:2      | Learned a level 3 spell: Stone Arrow
  1110 | D:2      | Slain by a sky beast

Skill      XL: |  1  2  3 |
---------------+----------+-----
Fighting       | 1 2 |  2.1
Dodging        | |  1.7
Stealth        | |  1.7
Spellcasting   | |  2.4
Transmutations | |  1.0
Earth Magic    | |  3.7

Action                   || total
-------------------------++-------
Melee: Whip              ||    81
       Unarmed           ||    11
       Tailslap          ||     3
 Cast: Sandblast         ||     9
       Stone Arrow       ||     2
  Use: Scroll            ||     4
       Potion            ||     1
 Stab: Sleeping          ||     4
  Eat: Chunk             ||     1
Armor: Skin              ||    31
Dodge: Dodged            ||    76
